 Dungeon Sprint DCSS version 0.26-b1-45-g23770d1d51 (webtiles) character file.

Game seed: 16729334148286747488

21 radhat240 the Skirmisher (level 2, -3/28 HPs)
             Began as a Minotaur Fighter on Jan 6, 2021.
             Was a Believer of Makhleb.
             Slain by a white imp (5 damage)
             ... in the Dungeon (Sprint VII: "The Pits").
             The game lasted 00:01:28 (119 turns).

radhat240 the Skirmisher (Minotaur Fighter)          Turns: 119, Time: 00:01:29

Health: -3/28      AC:  7    Str: 20    XL:     2   Next: 62%
Magic:  1/1        EV:  7    Int:  5    God:    Makhleb [**....]
Gold:   0          SH:  9    Dex:  9    Spells: 1/1 levels left

rFire    . . .     SeeInvis .   a - +0 war axe
rCold    . . .     Faith    .   c - +0 kite shield
rNeg     . . .     Spirit   .   b - +0 scale mail
rPois    .         Reflect  .   (helmet restricted)
rElec    .         Harm     .   (no cloak)
rCorr    .         Rampage  .   (no gloves)
Will     .....     NoTele   +   (no boots)
Stlth    ..........             (no amulet)
HPRegen  0.09/turn              (no ring)
MPRegen  0.07/turn              (no ring)

@: lethally poisoned (-3 -> -13)
A: retaliatory headbutt, horns 2
a: Renounce Religion, Minor Destruction


You were in the Dungeon.
You worshipped Makhleb.
Makhleb was pleased with you.
You visited 1 branch

Inventory:

Hand Weapons
 a - a +0 war axe (weapon)
Armour
 b - a +0 scale mail (worn)
 c - a +0 kite shield (worn)
Scrolls
 j - a scroll of blinking
Potions
 d - a potion of might
 e - a potion of curing
 f - a potion of heal wounds
 g - a potion of haste
 h - 4 potions of magic
 i - 3 potions of berserk rage
 k - 2 potions of invisibility


   Skills:
 + Level 4.9 Fighting
 + Level 3.7 Axes
 + Level 4.9 Armour
 + Level 4.9 Shields


You had one spell level left.
You didn't know any spells.
Your spell library was empty.

Dungeon Overview and Level Annotations

Branches:
Dungeon (1/1)

Altars:
Ashenzari
Cheibriados
Dithmenos
Elyvilon
Fedhas
Gozag
Hepliaklqana
Kikubaaqudgha
Makhleb
Nemelex Xobeh
Okawaru
Qazlal
Ru
Sif Muna
Trog
Uskayaw
Vehumet
Wu Jian
Xom
Yredelemnul
Zin
The Shining One
Beogh
Jiyva
Lugonu

Annotations:
D Duvessa


Innate Abilities, Weirdness & Mutations

You reflexively headbutt those who attack you in melee.
You have a pair of horns on your head.


Message History

The gnoll closely misses you.
You slash the jackal!
You kill the jackal!
Makhleb accepts your kill.
You feel better.
You feel sick.
The white imp laughs crazily.
A gnoll comes into view.
You block the gnoll's attack.
Duvessa, Sister of Dowan comes into view.
She is wielding a +0 rapier.
Your shield and scale mail prevent you from hitting the white imp.
The white imp gestures at you. The puff of frost hits you.
* * * LOW HITPOINT WARNING * * *
The gnoll hits you but does no damage.
You are lethally poisoned!
* * * LOW HITPOINT WARNING * * *
You feel sick. The white imp hits you.
* * * LOW HITPOINT WARNING * * *
The white imp freezes you.
You die...

#...........'.....
#'#####†#####.....
#.# #...'.##.....
#.# #...#.#####'#
#.# #####.##.....
#.# +...#.##.....
#.# +...).##.....
#.# ########...<.
#@# #..... #5#
#..... #g# #.....


#gg ###### #nh# #.e. ##.## .. .# You could see Duvessa, a necrophage, 2 gnolls,
a white imp, a jackal and a hobgoblin.

Vanquished Creatures
  A gnoll (D)
  A leopard gecko (D)
  An orc (D)
  A goblin (D)
  3 jackals (D)
  A frilled lizard (D)
  A rat (D)
9 creatures vanquished.

Notes
Turn   | Place    | Note
-------+----------+-------------------------------------------
     0 | D        | radhat240 the Minotaur Fighter began the quest for the Orb.
     0 | D        | Reached XP level 1. HP: 19/19 MP: 0/0
    18 | D        | Found a bloodstained altar of Trog.
    18 | D        | Found a shimmering blue altar of Sif Muna.
    18 | D        | Found a viscous altar of Jiyva.
    18 | D        | Found a hazy altar of Hepliaklqana.
    18 | D        | Found an opulent altar of Gozag.
    19 | D        | Found a glowing golden altar of the Shining One.
    19 | D        | Found a glowing silver altar of Zin.
    19 | D        | Found a basalt altar of Yredelemnul.
    19 | D        | Found a shimmering altar of Xom.
    19 | D        | Found an ornate altar of the Wu Jian Council.
    19 | D        | Found a sacrificial altar of Ru.
    19 | D        | Found a stormy altar of Qazlal.
    19 | D        | Found an iron altar of Okawaru.
    19 | D        | Found a sparkling altar of Nemelex Xobeh.
    19 | D        | Found a burning altar of Makhleb.
    19 | D        | Found a blossoming altar of Fedhas.
    19 | D        | Found a white marble altar of Elyvilon.
    19 | D        | Found a shadowy altar of Dithmenos.
    19 | D        | Found a snail-covered altar of Cheibriados.
    21 | D        | Found a radiant altar of Vehumet.
    21 | D        | Found a corrupted altar of Lugonu.
    21 | D        | Found a roughly hewn altar of Beogh.
    22 | D        | Found a hide-covered altar of Uskayaw.
    22 | D        | Found an ancient bone altar of Kikubaaqudgha.
    22 | D        | Found a broken altar of Ashenzari.
    29 | D        | Became a worshipper of Makhleb the Destroyer
    79 | D        | Reached * piety under Makhleb
   107 | D        | Noticed a necrophage
   112 | D        | Reached XP level 2. HP: 15/28 MP: 1/1
   112 | D        | Reached ** piety under Makhleb
   117 | D        | Noticed Duvessa
   119 | D        | Slain by a white imp

Illustrated notes

Levels and vault maps discovered:
D:        pitsprint [storerooms_1, entrance_room_1, metal_vault_1, armoury_2,
          mini_pit_1, grid_room_1, main_hall_1, silver_pit, the_coven_3,
          the_vestibule_1, steel_vault_2, golden_pit, hallway_of_sentries,
          crystal_vault_1, iron_vault_3, final_vault]

Skill      XL: |  1 |
---------------+----+-----
Fighting       | 4 |  4.9
Armour         | 4 |  4.9
Shields        | 4 |  4.9
Axes           | 3 |  3.7

Action                   || total
-------------------------++-------
Melee: War axe           ||    19
       Headbutt          ||     2
Armor: Scale mail        ||     8
Dodge: Dodged            ||     7
Block: Kite shield       ||    15
